[Event "Early-Titled-Tuesday-Blitz-May-07-2024"]
[Site "Chess.com"]
[Date "2024.05.07"]
[Round "1"]
[White "JJDAREK"]
[Black "tetrix83"]
[Result "0-1"]
[WhiteElo "2371"]
[BlackElo "2663"]
[TimeControl "180+1"]
[EndTime "8:08:26 PDT"]
[Termination "tetrix83 won on time"]

1. d4 Nf6 2. c4 g6 3. Nc3 Bg7 4. e4 d6 5. Be2 O-O 6. Nf3 e5 7.
d5 a5 8. Bg5 h6 9. Bh4 Na6 10.
Nd2 c5 11. g4 Qd7 12. g5 hxg5 13. Bxg5 Nh7 14. Be3 f5 15. f3 Bf6 16. Nf1 Bh4+ 17.
Bf2 Qe7 18. Bxh4 Qxh4+ 19. Kd2 Nf6 20. a3 fxe4 21. fxe4 Nxe4+ 22. Nxe4 Qxe4 23. Ng3 Qd4+ 24. Kc2 Rf2 25. Qxd4 cxd4 26. Raf1 Bf5+ 27. Kd2 Rxf1 28. Rxf1 Rf8 29. h4 Nc5 30. h5 e4 31. hxg6 e3+ 32. Kd1 Bxg6 33. Rxf8+ Kxf8 34. b4 axb4 35. axb4 Na6 36.
b5 Nc5 37. Bh5 Bh7 38. Bg4 d3 39. Bf5 e2+ 40. Ke1 Bg8 41. Ne4 Nxe4 42. Bxe4 Ke7 43. Bxd3 Kf6 44. Bxe2 Ke5 45. Kd2 Kd4 46. Kc2 b6 47.
Kb3 Bh7 48. Bf1 Be4 49. Be2 Bf5 50. Bf1 Bg4 51. Bg2 Be2 52. Bh3 Bxc4+ 53. Kb4 Bxd5 54. Bd7 Bc4 55. Bc6 d5 56. Bd7 Be2 57.
Bf5 Ke3 58. Bg6 d4 59. Kb3 Bxb5 60. Kc2 Be2 61. Bf5 d3+ 0-1

[Event "Early-Titled-Tuesday-Blitz-May-07-2024"]
[Site "Chess.com"]
[Date "2024.05.07"]
[Round "1"]
[White "yonaltimur"]
[Black "Yeritsyaan"]
[Result "0-1"]
[WhiteElo "2409"]
[BlackElo "2710"]
[TimeControl "180+1"]
[EndTime "8:08:27 PDT"]
[Termination "Yeritsyaan won by checkmate"]

1. e4 e5 2. Nf3 Nc6 3. Bb5 a6 4. Ba4 Nf6 5. O-O b5 6. Bb3 Nxe4 7. d4 d5 8. dxe5 Be6 9. Nbd2 Bc5 10. Nxe4 dxe4 11.
Bxe6 fxe6 12. Qxd8+ Rxd8 13. Ng5 O-O 14. Nxe4 Be7 15.
Bg5 Bxg5 16. Nxg5 Rfe8 17. f4 h6 18. Nf3 Nb4 19. Rf2 c5 20. a3 Nd5 21. g3 Ne3 22. Re2 Nc4 23. b3 Nb6 24. Kf2 Rd5 25. Rd2 Red8 26. Rxd5 Rxd5 27. Ke2 Rd7 28. Rd1 Nd5 29. Kf2 Rc7 30. c4 Nc3 31. Rd6 Ne4+ 32. Ke3 Nxd6 33. exd6 Rd7 34. b4 Rxd6 35. bxc5 Rd1 36. c6 Rd8 37.
cxb5 axb5 38. Nd4 Rc8 39. Kd3 Kf7 40. Kc3 Ke7 41. Kb4 Kd6 42. Kxb5 Rb8+ 43. Ka6 Rb1 44.
a4 g5 45. a5 Rb4 46. c7 Kxc7 47. Nxe6+ Kd6 48. Nd8 gxf4 49. gxf4 Rxf4 50. Ka7 Rh4 51. a6 Rxh2 52. Kb8 Kd7 53. Nf7 Rb2+ 54. Ka8 h5 55. a7 h4 56. Ne5+ Kc7 57. Ng6 h3 58.
Nh4 h2 59. Ng2 Kc8 60. Nf4 h1=Q+ 61. Ng2 Qxg2# 0-1

[Event "Early-Titled-Tuesday-Blitz-May-07-2024"]
[Site "Chess.com"]
[Date "2024.05.07"]
[Round "1"]
[White "PonyQueen07"]
[Black "ChadBiryani"]
[Result "0-1"]
[WhiteElo "2138"]
[BlackElo "2564"]
[TimeControl "180+1"]
[EndTime "8:08:27 PDT"]
[Termination "ChadBiryani won by checkmate"]

1. c4 f5 2. Nc3 Nf6 3. g3 d6 4.
Bg2 e5 5. d3 Be7 6. Nf3 O-O 7.
O-O c6 8. Bg5 Qe8 9. e4 h6 10.
Bxf6 Bxf6 11. exf5 Bxf5 12. Ne4 Be7 13. Qb3 Bxe4 14.
dxe4 b6 15. c5+ Kh7 16. cxb6 axb6 17. Qxb6 Na6 18. Rac1 Nc5 19. Rxc5 dxc5 20. Nxe5 Bf6 21. Nxc6 Rxa2 22. Qxc5 Rxb2 23. e5 Bd8 24. Nxd8 Qxd8 25. e6 Re2 26. Qd5 Kh8 27. Qxd8 Rxd8 28. Bh3 Rdd2 29.
Bg4 Re4 30. Bh3 g6 31. Ra1 Kg7 32. Ra7+ Kf6 33. Rf7+ Kg5 34. Kg2 Rde2 35. Rf3 h5 36. Rf8 Kh6 37. Rh8+ Kg7 38. Ra8 g5 39. Bf5 Re5 40.
g4 h4 41. Ra7+ Kf8 42. Rf7+ Kg8 43. Ra7 Kf8 44. Ra8+ Ke7 45. Ra7+ Kd6 46. Rd7+ Kc6 47. Rg7 Rd2 48. Rxg5 Ree2 49. Kf3 Rxf2+ 50. Ke4 Rde2+ 51. Kd4 Rxh2 52. Rh5 Kd6 53. g5 Rd2+ 54. Ke3 Ra2 55. g6 Ra3+ 56. Kf4 Rf2+ 57. Kg5 Ke5 58. g7 Rg3+ 59. Kh6 Kf6 60. Bh7 Rxg7 61. Rxh4 Re7 62. Rg4 Rxe6 63. Rg6+ Ke7 64. Rxe6+ Kxe6 65. Kg6 Rg2+ 66.
Kh6 Kf6 67. Bb1 Rh2# 0-1

[Event "Early-Titled-Tuesday-Blitz-May-07-2024"]
[Site "Chess.com"]
[Date "2024.05.07"]
[Round "1"]
[White "CruzWilliam"]
[Black "littlepinkyboy"]
[Result "1-0"]
[WhiteElo "2398"]
[BlackElo "2659"]
[TimeControl "180+1"]
[EndTime "8:08:29 PDT"]
[Termination "CruzWilliam won by checkmate"]

1. d4 d5 2. c4 c6 3. Nc3 Nf6 4. Nf3 dxc4 5. a4 e6 6. e3 Bb4 7. Bxc4 O-O 8. O-O Nbd7 9. Qe2 Bd6 10. e4 e5 11. Bg5 h6 12. Bxf6 Qxf6 13. d5 Nb6 14.
Bb3 Bg4 15. a5 Nd7 16. a6 bxa6 17. dxc6 Nc5 18. Bd5 Rab8 19. Na4 Nb3 20. Bxb3 Rxb3 21. Nc3 Bb4 22. Nd5 Qxc6 23. Nxb4 Rxb4 24. Nxe5 Bxe2 25.
Nxc6 Rxb2 26. Rfe1 Re8 27. f3 Bb5 28. Nxa7 Re6 29. Nxb5 axb5 30. Reb1 Rxb1+ 31. Rxb1 Rb6 32. Rb4 Kf8 33. Kf2 Ke7 34. Ke3 Kd6 35. Kd4 Kc6 36. Rb1 Rb8 37. f4 Rd8+ 38. Ke3 Kc5 39. Rc1+ Kb6 40.
e5 b4 41. f5 Rd5 42. Ke4 Rd2 43. e6 fxe6 44. fxe6 Rxg2 45. Re1 Rc2 46. e7 Rc8 47. Kf5 Re8 48. Kg6 b3 49. Kxg7 Kb5 50. Kf7 Rc8 51. e8=Q+ Rxe8 52. Kxe8 Kc4 53. Kf7 Kd3 54. Kg6 Kd2 55.
Rg1 b2 56. Kxh6 Ke2 57. Rg2+ Kf3 58. Rxb2 Kg4 59. Kg6 Kh3 60. Rb4 Kg2 61. h4 Kh3 62. h5 Kg2 63. h6 Kg1 64. h7 Kg2 65. h8=Q Kg1 66. Qc3 Kg2 67. Rb2+ Kh1 68. Qc1# 1-0

[Event "Early-Titled-Tuesday-Blitz-May-07-2024"]
[Site "Chess.com"]
[Date "2024.05.07"]
[Round "1"]
[White "milovichalex"]
[Black "Chess23Wizzard"]
[Result "0-1"]
[WhiteElo "2394"]
[BlackElo "2696"]
[TimeControl "180+1"]
[EndTime "8:08:30 PDT"]
[Termination "Chess23Wizzard won by resignation"]

1. e4 c6 2. Nc3 d5 3. exd5 cxd5 4.
d4 Nf6 5. Bf4 a6 6. Nf3 Bg4 7. Be2 Nc6 8. O-O e6 9. h3 Bh5 10. Re1 Bd6 11. Ne5 Bxe2 12. Rxe2 Rc8 13. a3 O-O 14. Qd3 Qb6 15. Nd7 Nxd7 16. Bxd6 Nxd4 17.
Bxf8 Nxe2+ 18. Qxe2 Qxb2 19. Rb1 Qxc3 20. Bd6 b5 21. a4 Qxc2 22. Qxc2 Rxc2 23. axb5 axb5 24.
Rxb5 Rc6 25. Bf4 h6 26. g4 g5 27. Bg3 Kg7 28. Kg2 Nf8 29. Be5+ f6 30. Rb7+ Kg6 31.
Bb2 e5 32. Rb8 Ne6 33. Ba3 Nf4+ 34. Kh2 d4 35. Rb7 Ne6 36. Rd7 Rc7 37. Rd6 Nf4 38.
Ra6 Kf7 39. Ra8 d3 40. Rd8 Ke6 41. Rd6+ Kf7 42. Kg3 Rc3 43. f3 Rxa3 44. Rd7+ Ke6 45.
Rd8 e4 46. Re8+ Kd5 47. fxe4+ Kd4 48. Rd8+ Ke3 49. e5 fxe5 50. h4 Ra1 51. hxg5 Rg1+ 52. Kh2 Rg2+ 53. Kh1 Rxg4 54. gxh6 d2 55. h7 Rh4+ 56.
Kg1 Rxh7 57. Rd7 Rxd7 0-1

[Event "Early-Titled-Tuesday-Blitz-May-07-2024"]
[Site "Chess.com"]
[Date "2024.05.07"]
[Round "1"]
[White "GP9isback23"]
[Black "schackspelaren"]
[Result "0-1"]
[WhiteElo "2644"]
[BlackElo "2378"]
[TimeControl "180+1"]
[EndTime "8:08:31 PDT"]
[Termination "schackspelaren won by resignation"]

1. d4 Nf6 2. Nf3 e6 3. c4 d5 4. Nc3 Bb4 5. cxd5 exd5 6. Bg5 O-O 7. e3 Nbd7 8. Be2 c5 9. O-O Bxc3 10. bxc3 Qa5 11. Bxf6 Nxf6 12. Qb3 c4 13. Qb2 Bf5 14. Rfc1 Rab8 15. a3 Ne4 16. Nd2 Nf6 17. Qb4 Qc7 18. a4 Rfe8 19. a5 h6 20. Bf3 Re6 21. Ra2 Rc8 22.
g3 b6 23. a6 Ne4 24. Nxe4 Bxe4 25. Bxe4 dxe4 26. Ra4 Rg6 27. Qb5 Rg5 28. Qb1 f5 29.
Kh1 h5 30. h4 Rxg3 31. fxg3 Qxg3 32. Ra2 Qxe3 33. Rf1 f4 34. Qe1 Qh3+ 35. Rh2 Qf5 36. Qd2 Rf8 37. Qg2 f3 38. Qg5 Qxg5 39. hxg5 e3 40. Kg1 f2+ 41. Kg2 e2 42. Rhh1 exf1=Q+ 43. Rxf1 h4 44. Kh3 Rf3+ 45. Kxh4 Rxc3 46. Rxf2 Rd3 47.
g6 Rxd4+ 48. Kg5 Rd5+ 49. Kg4 c3 50. Rf7 c2 51. Rxa7 Rg5+ 52. Kh4 Rxg6 53. Rc7 b5 54. a7 Ra6 55. Rxc2 Rxa7 56. Rb2 Rb7 57. Kg5 b4 58. Kg6 b3 59. Kg5 Rb6 60. Kf4 Kf7 61. Ke4 g5 62.
Kd4 Kg6 63. Kd3 g4 64. Kc3 Kg5 65. Rd2 g3 66. Kb2 Kg4 67. Rd8 g2 68. Rg8+ Kf3 69.
Kb1 Kf2 70. Rf8+ Kg1 71. Kb2 Rb4 72. Kc3 b2 0-1

[Event "Early-Titled-Tuesday-Blitz-May-07-2024"]
[Site "Chess.com"]
[Date "2024.05.07"]
[Round "1"]
[White "anasta10"]
[Black "Kostina_Nadezhda"]
[Result "1/2-1/2"]
[WhiteElo "2614"]
[BlackElo "2336"]
[TimeControl "180+1"]
[EndTime "8:08:34 PDT"]
[Termination "Game drawn by repetition"]

1. Nf3 Nf6 2. d4 d5 3. c4 dxc4 4. e3 e6 5. Bxc4 a6 6. Nc3 b5 7.
Bd3 Bb7 8. O-O c5 9. Qe2 Nbd7 10. Rd1 Be7 11. dxc5 Bxc5 12. h3 O-O 13. a3 Rc8 14. e4 Qc7 15. Bg5 h6 16. Bd2 Ne5 17. Bf4 Nxf3+ 18.
Qxf3 Qe7 19. Rac1 Rfd8 20. Be5 Bd4 21. Bxd4 Rxd4 22. Qe3 Rdd8 23. e5 Nd5 24. Qe4 g6 25. Nxd5 Bxd5 26. Qf4 Qg5 27. Qxg5 hxg5 28. Be2 Kf8 29. f3 Ke8 30. Kf2 Kd7 31. a4 Rxc1 32.
Rxc1 bxa4 33. Bxa6 Bc6 34. Ke3 Rb8 35. Rc2 Rb3+ 36.
Kd4 a3 37. bxa3 Rxa3 38. Bc4 Ra4 39. Kc3 Ra3+ 40. Kb4 Re3 41. Ra2 Rxe5 42. Ra7+ Kd6 43. Rxf7 Rf5 44. Rg7 Bxf3 45. gxf3 Rxf3 46. Rxg6 Rxh3 47.
Rxe6+ Kd7 48. Rg6 Rh4 49. Kc5 g4 50. Be6+ Kc7 51. Bxg4 Rh1 52. Rg7+ Kd8 53. Be6 Rc1+ 54. Kd6 Rd1+ 55. Bd5 Re1 56. Ra7 Ke8 57. Be6 Rd1+ 58. Ke5 Re1+ 59. Kf6 Rf1+ 60. Bf5 Rd1 61. Re7+ Kd8 62.
Rg7 Rd2 63. Ke5 Re2+ 64. Be4 Rd2 65. Bd5 Re2+ 66. Kd6 Re1 67. Rh7 Re2 68. Rg7 Re1 1/2-1/2

[Event "Early-Titled-Tuesday-Blitz-May-07-2024"]
[Site "Chess.com"]
[Date "2024.05.07"]
[Round "1"]
[White "FREDERICKtheMATE"]
[Black "Flaccidmoves"]
[Result "1-0"]
[WhiteElo "2698"]
[BlackElo "2401"]
[TimeControl "180+1"]
[EndTime "8:08:36 PDT"]
[Termination "FREDERICKtheMATE won on time"]

1. d4 g6 2. e4 Bg7 3. c4 d6 4.
Nc3 Nc6 5. Be3 e5 6. Nge2 exd4 7.
Nxd4 Nge7 8. Be2 O-O 9. O-O f5 10. exf5 Nxf5 11. Nxf5 Bxf5 12. Qd5+ Kh8 13. Rae1 Qd7 14.
f4 Rae8 15. Qd2 Rxe3 16. Qxe3 Bd4 17. Bf3 Qg7 18. Kh1 Bxe3 19. Rxe3 Qd4 20. Ree1 Qxc4 21. Bd5 Qb4 22. Rf2 Nd4 23. a3 Qc5 24. Bxb7 Nc2 25.
Ree2 Bd3 26. Rd2 Re8 27. h3 Re1+ 28. Kh2 Bf5 29. g4 Ne3 30. gxf5 Nf1+ 31. Kg2 Nxd2 32.
Rxd2 gxf5 33. Rf2 Qe3 34. Bd5 Ra1 35. Ne2 Qd2 36. Be6 Qe1 37. Bxf5 Rd1 38. Bg4 Qh1+ 39.
Kg3 Rd3+ 40. Bf3 Qe1 41. Kg2 Rd2 42. f5 Rxb2 43. f6 Kg8 44. Bh5 Kf8 45. f7 d5 46. Kf3 Rb3+ 47. Kg2 c5 48. Nf4 Qe4+ 49. Kh2 c4 50. Bg4 Kxf7 51. Nxd5+ Kg6 52. Bf5+ Qxf5 53. Ne7+ Kf6 54. Nxf5 Ke5 55. Ng3 c3 56. Ne2 Rb2 57.
Kg3 c2 58. Nc1 Kd4 59. Kf3 Kc3 60. Ke3 Rb1 61. Rf1 Kb2 62. Kd2 Ra1 63. Nd3+ Kb3 64. Rxa1 1-0

[Event "Early-Titled-Tuesday-Blitz-May-07-2024"]
[Site "Chess.com"]
[Date "2024.05.07"]
[Round "1"]
[White "Sadykov_Ramil"]
[Black "Anu-triz"]
[Result "1/2-1/2"]
[WhiteElo "2612"]
[BlackElo "2321"]
[TimeControl "180+1"]
[EndTime "8:08:37 PDT"]
[Termination "Game drawn - insufficient material"]

1. Nf3 Nf6 2. c4 e6 3. g3 b6 4.
Bg2 Bb7 5. O-O Be7 6. d3 O-O 7.
e4 c5 8. e5 Ne8 9. d4 cxd4 10.
Qxd4 Nc6 11. Qe4 d6 12. Rd1 Qc7 13. exd6 Nxd6 14. Qe2 Rad8 15. Nc3 a6 16. b3 Nf5 17.
Bf4 Qc8 18. Rac1 Ncd4 19. Nxd4 Nxd4 20. Qe3 Bxg2 21. Kxg2 Bc5 22. Ne4 Qc6 23. f3 e5 24.
Bxe5 Nf5 25. Qg5 Rxd1 26. Rxd1 Ne3+ 27. Kh3 f6 28. Bxf6 Qe6+ 29. g4 Rxf6 30. Nxf6+ Qxf6 31. Rd8+ Kf7 32. Rd7+ Ke6 33. Qxf6+ Kxf6 34. Rb7 a5 35. a3 Nc2 36. b4 axb4 37. axb4 Nxb4 38. f4 h6 39. Kg3 Nd3 40. h4 Nb2 41. g5+ hxg5 42. hxg5+ Kf5 43. Rxg7 Nxc4 44. Rf7+ Ke6 45. g6 Nd6 46. Rf8 Ne4+ 47. Kf3 Bxf8 48. Kxe4 Kf6 49. f5 Bc5 50. Kf4 b5 51. Ke4 b4 52. Kd3 Bf8 53.
Ke4 Be7 54. Kd3 Bd6 55. Kc4 Bf8 56. Kb3 Kg7 57. Kc4 Be7 58. Kb3 Kf6 59. Kc4 Bf8 60.
Kb3 Kxf5 61. g7 Bxg7 62. Kxb4 1/2-1/2

[Event "Early-Titled-Tuesday-Blitz-May-07-2024"]
[Site "Chess.com"]
[Date "2024.05.07"]
[Round "1"]
[White "Ati1517"]
[Black "IriBu"]
[Result "1-0"]
[WhiteElo "2277"]
[BlackElo "2582"]
[TimeControl "180+1"]
[EndTime "8:08:37 PDT"]
[Termination "Ati1517 won on time"]

1. e4 d6 2. Nf3 Nf6 3. d4 Nbd7 4. Nc3 e5 5. dxe5 dxe5 6. Bg5 c6 7. Bc4 h6 8. Bxf6 Qxf6 9. Qd3 Bc5 10. O-O O-O 11.
a4 a5 12. Rad1 Re8 13. Ne2 Nf8 14. Ng3 Ng6 15. Nh5 Qe7 16. Qb3 Bg4 17. Ng3 Rab8 18. h3 Bc8 19. Nf5 Qf6 20. Ng3 Nf4 21.
Kh2 g5 22. Ne1 h5 23. Nd3 Bf8 24. Nxf4 exf4 25. Nxh5 Qg6 26. g4 fxg3+ 27. fxg3 Re6 28. Bxe6 Bxe6 29. Qf3 Be7 30. g4 Rf8 31. Qc3 f6 32. Qe3 Bc4 33. Rf2 b6 34. Rd7 Bc5 35. Qc3 Bxf2 36.
Rg7+ Qxg7 37. Nxg7 Kxg7 38. Qxc4 Bc5 39. c3 Rd8 40. b4 Be3 41. Qxc6 Bf4+ 42. Kg2 Rd2+ 43. Kf3 Rd3+ 44. Ke2 Re3+ 45. Kf2 Rxh3 46. Qxb6 axb4 47. cxb4 Rh2+ 48. Ke1 Rh1+ 49. Ke2 Rh2+ 50. Kd3 Rd2+ 51. Kc4 Rc2+ 52. Kd5 Rg2 53. Qb7+ Kg6 54. Qd7 Be5 55. Qf5+ Kg7 56. a5 Rd2+ 57. Kc6 Rc2+ 58. Kb5 Rc7 59.
a6 Bd4 60. Qd5 Be3 61. Ka5 Rc1 62. b5 Ra1+ 63. Kb4 Rb1+ 64. Ka4 Ra1+ 65. Kb3 Rb1+ 66. Ka2 Rb4 67. a7 Ra4+ 68. Kb3 Rxa7 69. Qc6 Ra1 70. Kb2 Ra4 71. Qd7+ 1-0

[Event "Early-Titled-Tuesday-Blitz-May-07-2024"]
[Site "Chess.com"]
[Date "2024.05.07"]
[Round "1"]
[White "yashami"]
[Black "valeriocarnicelli"]
[Result "0-1"]
[WhiteElo "731"]
[BlackElo "2545"]
[TimeControl "180+1"]
[EndTime "8:08:39 PDT"]
[Termination "valeriocarnicelli won by checkmate"]

1. e4 e6 2. d4 d5 3. Nc3 Bb4 4. e5 c5 5. a3 Bxc3+ 6. bxc3 Ne7 7. Qg4 Qc7 8. Bd2 Nf5 9. Nf3 Nc6 10. Bd3 h5 11. Qg5 Nce7 12. O-O Bd7 13. Nh4 Nxh4 14. Qxh4 c4 15. Be2 Nf5 16. Qg5 Qd8 17. Rab1 Qxg5 18.
Bxg5 Rb8 19. Rb4 Bc6 20. Rfb1 Kd7 21. g3 Rbf8 22. Bf1 f6 23. Bf4 b5 24. Bh3 g5 25.
Bd2 g4 26. Bg2 fxe5 27. dxe5 h4 28. Bf4 h3 29. Bf1 Ne7 30. Be2 Rhg8 31. Be3 a5 32.
R4b2 Nf5 33. Bb6 Ra8 34. Rd1 Kc8 35. f3 gxf3 36. Bxf3 Kb7 37. Bd4 Raf8 38. Bc5 Rf7 39. Rf1 Nxg3 40. hxg3 Rxg3+ 41. Kh2 Rgxf3 42. Rxf3 Rxf3 43. a4 Rxc3 44. axb5 Be8 45. Bd4 Rf3 46. c3 Bg6 47. Ra2 Bf5 48. Rxa5 Rd3 49. Ra7+ Kb8 50. Ra2 Rxd4 51. cxd4 c3 52. Ra1 c2 53. Kg3 Kb7 54.
Kf4 Kb6 55. Ke3 Be4 56. Kd2 h2 57. Rc1 Kxb5 58. Kc3 h1=Q 59. Rxh1 Bxh1 60. Kxc2 Kc4 61.
Kd2 Kxd4 62. Ke2 Kxe5 63. Kf2 d4 64. Kg3 Ke4 65. Kh2 Ke3 66. Kg1 d3 67. Kh2 Bb7 68.
Kh3 d2 69. Kh4 d1=Q 70. Kg5 Qd5+ 71. Kg6 Qf5+ 72. Kg7 e5 73. Kh8 e4 74. Kg7 Kf4 75.
Kh6 Qf6+ 76. Kh7 Kg5 77. Kg8 Bd5+ 78. Kh7 Qf7+ 79. Kh8 Qg8# 0-1

[Event "Early-Titled-Tuesday-Blitz-May-07-2024"]
[Site "Chess.com"]
[Date "2024.05.07"]
[Round "1"]
[White "H3nriqueTV"]
[Black "Meri-Arabidze"]
[Result "1/2-1/2"]
[WhiteElo "2410"]
[BlackElo "2694"]
[TimeControl "180+1"]
[EndTime "8:08:46 PDT"]
[Termination "Game drawn - insufficient material"]

1. e4 c5 2. Nf3 e6 3. b3 a6 4. Bb2 Nc6 5. d4 cxd4 6. Nxd4 Nf6 7. Nxc6 bxc6 8. Bd3 d6 9. O-O e5 10. Nd2 Be7 11. a4 O-O 12. a5 Nd7 13. Bc4 Nc5 14.
b4 Ne6 15. Bb3 Nf4 16. Bc1 Kh8 17. Nc4 Be6 18. Bxf4 exf4 19. Qf3 d5 20. Rad1 Qc7 21.
Nb6 Rad8 22. exd5 cxd5 23. Nxd5 Bxd5 24. Rxd5 Bxb4 25. Rfd1 Rxd5 26. Rxd5 Bxa5 27. Rd4 Re8 28. h3 Qe7 29. Rd1 Bc7 30. Bc4 a5 31. Bd3 g6 32.
Bb5 Rd8 33. Rxd8+ Qxd8 34. Qc3+ Kg8 35. Bc4 Qd1+ 36. Kh2 f3+ 37. g3 Bd6 38. Qe3 Qxc2 39. Qe8+ Kg7 40. Qxf7+ Kh6 41. Kg1 Qc1+ 42. Bf1 Qd2 43.
Qxf3 Bc5 44. Kg2 Qc2 45. Qf4+ Kg7 46. Bc4 Qf5 47. Qc7+ Kh6 48. Qf4+ Qxf4 49. gxf4 a4 50. Kf3 a3 51. Ba2 Kg7 52. Ke4 Kf6 53. f3 Bg1 54.
Kd5 Be3 55. Ke4 Bc1 56. Bb3 Bb2 57. Ba2 Bc1 58. Bb3 h6 59. Ba2 Bd2 60. Bb3 Bb4 61.
Ba2 Ke7 62. Bb3 Kd6 63. f5 gxf5+ 64. Kxf5 Kc5 65. Kg6 Bd2 66. h4 Kb4 67. Ba2 Kc3 68.
Kf5 Kd4 69. f4 Ke3 70. Kg4 Ke4 71. f5 Bc3 72. Kh5 Kxf5 73. Kxh6 Kf4 74. h5 Ke3 75. Kg6 Kd2 76. h6 Kc1 77. Kf7 Kb2 78. Be6 a2 79.
Bxa2 Kxa2 80. Kg8 Kb2 81. h7 Kc2 82. h8=Q Bxh8 1/2-1/2

[Event "Early-Titled-Tuesday-Blitz-May-07-2024"]
[Site "Chess.com"]
[Date "2024.05.07"]
[Round "1"]
[White "Statham_01"]
[Black "LileKoridze"]
[Result "1/2-1/2"]
[WhiteElo "2646"]
[BlackElo "2368"]
[TimeControl "180+1"]
[EndTime "8:08:49 PDT"]
[Termination "Game drawn by agreement"]

1. e4 c5 2. a3 d6 3. Nf3 Nc6 4.
d4 cxd4 5. Nxd4 Nf6 6. Nc3 e5 7.
Nf3 Be7 8. Bg5 Be6 9. Nd5 Nxd5 10. exd5 Bxg5 11. Bc4 Bg4 12. dxc6 bxc6 13. h3 Bxf3 14. Qxf3 d5 15. Rd1 O-O 16. O-O e4 17. Qg4 Bf6 18. Bb3 Bxb2 19. c4 Qb6 20. Ba2 Bxa3 21. cxd5 cxd5 22.
Bxd5 Rae8 23. Bxe4 Bc5 24. Rb1 Qf6 25. Bxh7+ Kxh7 26. Qh5+ Kg8 27. Qxc5 Re7 28. Rb3 Rfe8 29. Rf3 Qe5 30. Qc4 a5 31. Rd1 Qb2 32. Kh2 Qb8+ 33. g3 Qb7 34. Rd5 Re5 35. Rxe5 Rxe5 36. Rd3 Re8 37.
Qg4 Qb6 38. Qf5 g6 39. Qf4 Re2 40. Rf3 Qe6 41. h4 Re1 42. h5 Qd5 43. g4 gxh5 44.
gxh5 Qxh5+ 45. Rh3 Qe5 46. Rg3+ Kf8 47. Qh6+ Ke7 48.
Qh4+ Qf6 49. Rg5 Re6 50. f4 Re2+ 51. Kh3 Qc3+ 52. Kg4 Rg2+ 53. Kh5 Rxg5+ 54. Qxg5+ Qf6 55. Qxa5 Qxf4 56. Qa7+ Kf6 57. Qb6+ Kg7 58. Qb2+ Qf6 59. Qb3 Qg6+ 60. Kh4 Qe4+ 61. Kh5 Qf5+ 62. Kh4 Qf6+ 63.
Kh5 Qe6 64. Qc3+ f6 65. Qc7+ Qf7+ 66. Qxf7+ Kxf7 67. Kg4 Ke6 68. Kf4 Ke7 69. Kf3 Ke6 70. Kf4 f5 71. Kf3 1/2-1/2

[Event "Early-Titled-Tuesday-Blitz-May-07-2024"]
[Site "Chess.com"]
[Date "2024.05.07"]
[Round "1"]
[White "Byniolus"]
[Black "Tonychess32"]
[Result "0-1"]
[WhiteElo "2803"]
[BlackElo "2476"]
[TimeControl "180+1"]
[EndTime "8:08:56 PDT"]
[Termination "Tonychess32 won on time"]

1. d4 Nf6 2. Nf3 e6 3. Bf4 b6 4. e3 Bb7 5. h3 Be7 6. Nbd2 O-O 7. Bd3 c5 8. c3 d5 9. O-O Ne4 10. Qe2 Nd7 11. Rad1 f5 12. Bh2 Nxd2 13. Rxd2 c4 14. Bb1 Nf6 15. Ne5 Nd7 16. f3 Nxe5 17. Bxe5 Bd6 18. e4 fxe4 19. fxe4 Rxf1+ 20. Qxf1 Bxe5 21. dxe5 Qg5 22. Re2 Qxe5 23. exd5 Qxd5 24. Be4 Qc5+ 25. Kh1 Bd5 26. Bxd5 Qxd5 27. Qe1 Re8 28. Re5 Qd7 29. Qe4 b5 30. a4 a6 31. axb5 axb5 32. Qe3 Qd1+ 33. Kh2 Qd6 34. Qg3 Qd7 35. Rc5 Rc8 36. Re5 h6 37. Qe3 Re8 38. h4 Qd6 39. Qg3 Qd7 40.
h5 Rf8 41. Rc5 Rf5 42. Rxf5 exf5 43. Qg6 Qc7+ 44. Kh1 Qf7 45. Qc6 Qxh5+ 46. Kg1 Qd1+ 47. Kh2 Qh5+ 48. Kg1 Kh7 49. Qxb5 Qd1+ 50. Kh2 Qh5+ 51.
Kg1 Qg4 52. Qd5 h5 53. b4 cxb3 54. Qxb3 Qe4 55. Qb4 Qe1+ 56. Kh2 Qe5+ 57. Kg1 f4 58. Qc4 Qe1+ 59. Kh2 Qg3+ 60. Kg1 h4 61. Qe4+ g6 62. c4 Kh6 63. c5 h3 64. c6 hxg2 65. Qc4 f3 66.
Qc1+ g5 67. Qe3 f2+ 68. Qxf2 Qc3 69. Qxg2 Qc1+ 70. Kh2 Qf4+ 71. Kh1 Qc1+ 72. Kh2 Qf4+ 73. Qg3 Qd2+ 74. Kh3 Qc2 75. Qd6+ Kh5 76. c7 Qc3+ 0-1

[Event "Early-Titled-Tuesday-Blitz-May-07-2024"]
[Site "Chess.com"]
[Date "2024.05.07"]
[Round "1"]
[White "Silent-Killer100"]
[Black "Guldona_2007"]
[Result "1-0"]
[WhiteElo "2571"]
[BlackElo "2153"]
[TimeControl "180+1"]
[EndTime "8:09:00 PDT"]
[Termination "Silent-Killer100 won on time"]

1. f4 d5 2. Nf3 c5 3. g3 Nc6 4.
Bg2 Nf6 5. O-O Bf5 6. d3 e6 7. Qe1 Bd6 8. Nbd2 d4 9. e4 dxe3 10. Qxe3 O-O 11. Nc4 Ng4 12. Qe2 Rc8 13. h3 Nf6 14. g4 Bg6 15. Qf2 Nd5 16. Ne1 f6 17. f5 Bf7 18. fxe6 Bxe6 19. Nf3 Bb8 20. Re1 Bf7 21. Bd2 b5 22. Ne3 Nxe3 23. Bxe3 c4 24. dxc4 Bxc4 25. Bc5 Re8 26. Nd2 Qc7 27. Nxc4 bxc4 28.
Bd5+ Kh8 29. Rxe8+ Rxe8 30. Bxc4 Na5 31. Bf1 Rc8 32.
Bb4 Nc4 33. Bc3 a5 34. Kh1 Ne3 35. Bd3 Qc6+ 36. Kg1 Ba7 37. Re1 Qc5 38. Bd2 Nxg4 39. Qxc5 Bxc5+ 40. Kg2 Ne5 41. Bf5 Ra8 42. Bc3 Bd6 43.
Rd1 Bc7 44. Rd5 a4 45. Rc5 Bd6 46. Rd5 Bc7 47. a3 g6 48. Be4 Rb8 49. Rc5 Bd6 50.
Ra5 Rf8 51. Ra6 Rd8 52. Ba5 Rd7 53. Bc3 Kg7 54. Rxa4 f5 55. Ra6 fxe4 56. Rxd6 Re7 57. Rd5 Kf6 58. Rxe5 Rxe5 59. a4 Ke6 60. Bxe5 Kxe5 61.
Kf2 Kd4 62. a5 Kc5 63. b4+ Kb5 64. Ke3 h5 65. Kxe4 g5 66. Kf5 g4 67. hxg4 h4 68. Kf4 Ka6 69. g5 1-0

[Event "Early-Titled-Tuesday-Blitz-May-07-2024"]
[Site "Chess.com"]
[Date "2024.05.07"]
[Round "1"]
[White "ViralduS"]
[Black "Chessdude1987"]
[Result "1/2-1/2"]
[WhiteElo "2651"]
[BlackElo "2368"]
[TimeControl "180+1"]
[EndTime "8:09:01 PDT"]
[Termination "Game drawn - insufficient material"]

1. e4 e6 2. d4 d5 3. e5 c5 4. c3 Nc6 5. Nf3 Qb6 6. Bd3 Nh6 7. O-O cxd4 8. a3 Nf5 9. Bxf5 exf5 10. cxd4 Be6 11.
Nc3 h6 12. h4 Be7 13. b4 O-O-O 14. Na4 Qb5 15. Nc5 g5 16. Bd2 Bxc5 17. dxc5 g4 18. Ne1 Nxe5 19. Bf4 Ng6 20. Nd3 d4 21. a4 Qc4 22. c6 Nxf4 23. Nxf4 d3 24. g3 d2 25.
cxb7+ Kxb7 26. Ra3 Rd4 27. Re3 Rxf4 28. gxf4 Rd8 29.
Re2 Qxf4 30. Re3 Bc4 31. Rc3 Bxf1 32. Kxf1 Qh2 33. Ke2 g3 34. Rxg3 Qxh4 35. Re3 Qg4+ 36. f3 Qc4+ 37. Kf2 f4 38. Re4 Qc1 39. Ke2 a6 40.
Rxf4 Qxd1+ 41. Kxd1 Rd7 42. Rf6 h5 43. Rh6 Rd4 44.
Rxh5 Rxb4 45. Rf5 Rxa4 46. Kxd2 Rb4 47. Rxf7+ Kb6 48. f4 Kc6 49. f5 Kd6 50. Rf8 Ke7 51. Rc8 Rb5 52. Rc7+ Kf6 53. Rc6+ Kxf5 54. Rxa6 Rd5+ 55.
Kc3 Re5 56. Kd4 Re4+ 57. Kd3 Re5 58. Ra8 Re6 59. Kd4 Re7 60. Rd8 Re6 61. Kd5 Re7 62. Kd6 Re1 63. Rf8+ Kg6 64. Kd5 Rd1+ 65. Ke4 Re1+ 66.
Kd3 Rd1+ 67. Ke2 Rd5 68. Rb8 Rd7 69. Kf2 Rf7+ 70. Kg3 Ra7 71. Rb4 Ra5 72. Kg4 Kf6 73.
Kf4 Ke6 74. Rb6+ Kd7 75. Rh6 Ke7 76. Ke4 Kd7 77. Rb6 Ke7 78. Kd4 Kd7 79. Kc4 Ke7 80. Kb4 Rh5 81. Rb7+ Kd6 82. Rb5 Rxb5+ 83.
Kxb5 1/2-1/2

[Event "Early-Titled-Tuesday-Blitz-May-07-2024"]
[Site "Chess.com"]
[Date "2024.05.07"]
[Round "1"]
[White "FollowRivers"]
[Black "sofaceindisguise"]
[Result "1/2-1/2"]
[WhiteElo "2437"]
[BlackElo "2738"]
[TimeControl "180+1"]
[EndTime "8:09:03 PDT"]
[Termination "Game drawn - insufficient material"]

1. Nf3 d5 2. b3 e6 3. Bb2 Nf6 4. e3 Be7 5. Be2 O-O 6. O-O c5 7.
c4 Nc6 8. d4 cxd4 9. Nxd4 Bd7 10. Nc3 dxc4 11. Bxc4 Rc8 12. Rc1 Qa5 13. Nxc6 Bxc6 14.
Qe2 Rfd8 15. Rfd1 Qg5 16. f3 Bc5 17. Re1 a6 18. Kh1 Nh5 19. Rcd1 Qh4 20. Kg1 Nf4 21.
Qf2 Qg5 22. Qg3 Qxg3 23. hxg3 Ng6 24. Kf2 b5 25. Be2 Ne7 26. Rxd8+ Rxd8 27. Rd1 Rc8 28. g4 b4 29. Nb1 Nd5 30. Bd4 Bb7 31. Bc4 a5 32.
Bxc5 Rxc5 33. Bxd5 exd5 34. Rd2 Kf8 35. Rb2 Ke7 36. Nd2 Ke6 37. Nf1 Ba6 38. Ng3 g6 39.
Rd2 Rc1 40. Ne2 Kd6 41. Nd4 Ra1 42. g5 Bc8 43. Ne2 Ke6 44. Nf4+ Ke7 45. Nxd5+ Ke6 46.
Nb6 Bb7 47. Nc4 a4 48. bxa4 Bd5 49. Nb6 Rxa2 50. Rxa2 Bxa2 51. a5 b3 52. Na4 Kd6 53. Ke2 Kc6 54. Kd2 Kb5 55. Nb2 Kxa5 56. Kc3 Kb5 57. Nd3 Bb1 58. Ne5 Ka4 59. Kb2 Kb4 60. Nxf7 Bf5 61. Nd6 Be6 62. Ne8 Kc4 63. Nf6 Kd3 64.
Nxh7 Kxe3 65. Nf8 Bf7 66. Nxg6 Bxg6 67. Kxb3 Kf4 68. Kc3 Kxg5 69. Kd4 Kf4 70. Kc3 Bf5 71. Kd2 Kg3 72. Ke1 Kxg2 73. f4 Kg3 74. Kd2 Kxf4 1/2-1/2